 Dungeon Crawl Stone Soup version 0.29-a0-92-gee772dd00f (webtiles) character file.

Game seed: 1168415554813017183

50 siradein the Insei (level 3, 0/21 HPs)
             Began as an Octopode Transmuter on Feb 10, 2022.
             Succumbed to an adder's poison
             ... on level 2 of the Dungeon.
             The game lasted 00:03:27 (1502 turns).

siradein the Insei (Octopode Transmuter)            Turns: 1502, Time: 00:03:28

Health: 0/21       AC:  1    Str:  9    XL:     3   Next: 79%
Magic:  6/6        EV: 13    Int: 17    God:
Gold:   24         SH:  3    Dex: 12    Spells: 3/6 levels left

rFire   . . .      SeeInvis .     - Unarmed
rCold   . . .      Faith    .   d - +0 buckler
rNeg    . . .      Spirit   .   (helmet restricted)
rPois   .          Reflect  .   (no amulet)
rElec   .          Harm     .   (no ring)
rCorr   .          Rampage  .   (no ring)
Will    .....                   (no ring)
Stlth   ++........              (no ring)
HPRegen 0.07/turn               (no ring)
MPRegen 0.10/turn               (no ring)
                                (no ring)
                                (no ring)

@: lethally poisoned (0 -> -2), flying, hasted, very quick
A: almost no armour, amphibious, 8 rings, camouflage 1, gelatinous body 1,
(nimble swimmer 1), tentacles, antennae 1, frail 1
a: no special abilities


You were on level 2 of the Dungeon.
You visited 1 branch of the dungeon, and saw 2 of its levels.

You collected 24 gold pieces.

Inventory:

Armour
 d - a +0 buckler (worn)
Scrolls
 b - a scroll of vulnerability {unknown}
 c - a scroll of enchant weapon {unknown}
 e - 3 scrolls of identify {unknown}
Potions
 h - a potion of ambrosia {unknown}
 i - a potion of curing {unknown}


   Skills:
 + Level 1.7 Fighting
 + Level 2.4 Dodging
 + Level 3.3 Unarmed Combat
 + Level 2.4 Spellcasting
 + Level 2.4 Transmutations


You had 3 spell levels left.
You knew the following spells:

 Your Spells              Type           Power      Damage    Failure   Level
a - Beastly Appendage     Tmut           20%        N/A       10%         1
b - Wereblood             Tmut           10%        N/A       14%         2

Your spell library contained the following spells:

 Spells                   Type           Power      Damage    Failure   Level
 Spider Form              Tmut/Pois      6%         N/A       43%         3
 Ice Form                 Ice/Tmut       6%         N/A       83%         4


Dungeon Overview and Level Annotations

Branches:
Dungeon (2/15)

Altars:


Innate Abilities, Weirdness & Mutations

You cannot wear most types of armour.
You are amphibious.
You can wear up to eight rings at the same time.
Your skin changes colour to match your surroundings (Stealth+).
Your rubbery body absorbs attacks. (AC +1, EV +1)
((You are camouflaged when in or above water. (Stealth+)))
You have tentacles for arms and can constrict up to eight enemies at once.
You have a pair of small antennae on your head.
You are frail. (-10% HP)


Message History

The adder bites you.
You are poisoned.
The adder poisons you! The adder bites you.
You are more poisoned.
The adder poisons you!
You tentacle-slap the adder. You grab the adder.
Your tentacle spike misses the adder.
Your squeeze misses the adder.
The adder is moderately wounded.
You constrict the adder, but do no damage.
You feel very sick. The adder bites you.
You are too injured to fight recklessly!
You are too injured to fight recklessly!
You are too injured to fight recklessly!
Unknown command.
You barely miss the adder.
You pierce the adder.
The adder is heavily wounded.
You constrict the adder.
You feel sick. The adder bites you.
* * * LOW HITPOINT WARNING * * *
You completely miss the adder. You tentacle-slap the adder.
You kill the adder!
* * * LOW HITPOINT WARNING * * *
You feel sick.
* * * LOW HITPOINT WARNING * * *
You feel sick.
* * * LOW HITPOINT WARNING * * *
You feel sick.
You see here 14 gold pieces.
It was a potion of mutation.
You feel extremely strange.
You feel frail. A pair of antennae grows on your head!
Your tentacle spike disappears.
* * * LOW HITPOINT WARNING * * *
You feel sick.
It was a potion of haste.
You feel yourself speed up.
* * * LOW HITPOINT WARNING * * *
You feel sick.
It was a potion of flight.
You feel very buoyant.
You fly up into the air.
You die...

..........# #..
..........###.....
..........#... #.#
..........#.. #.#
....<.....#.# #.#
.........##.# #.#
......†.....####.#
...............#.##
.........@........########
..........#######.........
..........# #.........
#........## ###.<.....
#....<..## ########
#.####### ..


There were no monsters in sight!

Vanquished Creatures
  An adder (D:2)
  4 dart slugs
  2 ball pythons (D:1)
  2 bats (D:1)
  4 endoplasms (D:1)
  3 giant cockroaches (D:1)
  2 hobgoblins (D:1)
  2 quokkas (D:1)
  2 frilled lizards (D:1)
  3 goblins (D:1)
  A kobold (D:1)
  5 rats (D:1)
31 creatures vanquished.

Notes
Turn   | Place    | Note
-------+----------+-------------------------------------------
     0 | D:1      | siradein the Octopode Transmuter began the quest for the
                  | Orb.
     0 | D:1      | Reached XP level 1. HP: 13/13 MP: 3/3
   254 | D:1      | Reached XP level 2. HP: 18/18 MP: 3/5
   500 | D:1      | Learned a level 2 spell: Wereblood
   987 | D:1      | Reached XP level 3. HP: 20/23 MP: 4/6
  1102 | D:1      | Found a faded altar of an unknown god.
  1500 | D:2      | Gained mutation: You are frail. (-10% HP) [potion of
                  | mutation]
  1500 | D:2      | Gained mutation: You have a pair of small antennae on your
                  | head. [potion of mutation]
  1501 | D:2      | HP: 1/21 [poisoned by an adder]
  1502 | D:2      | Succumbed to an adder's poison

Illustrated notes

Levels and vault maps discovered:
D:1:      dpeg_arrival_solitude, layout_loops_ring,
          shapermc_ecumenical_altar_mp_urbaneastern, kennysheep_doodads,
          chequers_arboretum, minmay_indecisive_spiral
D:2:      minmay_diamond_boxcup, layout_rooms, minmay_surrounded

Action                   || total
-------------------------++-------
Melee: Unarmed           ||    66
       Kick              ||    18
       Constrict         ||    14
       Tentacles         ||    11
       Punch             ||     3
 Cast: Beastly Appendage ||    21
  Use: Potion            ||     3
 Stab: Sleeping          ||     5
Armor: Skin              ||     5
Dodge: Dodged            ||    28
Block: Buckler           ||     3

Table legend: (Time is in decaauts)
 A = Elapsed time spent in this place.
 B = Non-inter-level travel time spent in this place.
 C = Inter-level travel time spent in this place.
 D = Time resting spent in this place.
 E = Time spent auto-exploring this place.
 F = Levels seen in this place.
 G = Mean time per level.
                   A        B        C        D        E       F      G
               +--------+--------+--------+--------+--------+-----+--------+
         Total |   1499 |   1481 |     18 |      4 |   1239 |   2 |  749.5 |
       Dungeon |   1499 |   1481 |     18 |      4 |   1239 |   2 |  749.5 |
               +--------+--------+--------+--------+--------+-----+--------+

Top non-repeatable levels by time:
     D:1: 1474 daAuts
     D:2: 25 daAuts
